AA
FARGO-MOORHEAD REDHAWKS @ TEXAS AIRHOGS
08/16/2072
 
TOP OF THE 1ST
Gary SouthShore RailCats batting - Pitching for St. Paul Saints : LHP R.J. Martin
Pitching: LHP R.J. Martin
Batting: LHB Mario Vega 0-0: Called Strike
0-1: Ball
1-1: Ball
2-1: Ball
3-1: Swinging Strike
3-2: Fly out, F9 (Line Drive, 9, EV 89.4 MPH)
Batting: RHB Mark Zimny 0-0: Called Strike
0-1: SINGLE (Line Drive, 89S, EV 87.5 MPH)
Batting: RHB Dan Pulju 0-0: Ball
1-0: Called Strike
1-1: Ball
2-1: Ball
3-1: DOUBLE (Line Drive, 78D, EV 108.1 MPH)
Mark Zimny to third
Runner from 3rd tries for Home, SAFE, no throw by LF
Batting: RHB Dean Rasche 0-0: Ball
1-0: Called Strike
1-1: Fly out, F9 (Flyball, 89M, EV 95.6 MPH)
Batting: SHB Nick Butler 0-0: TRIPLE (Flyball, 78XD, EV 105.6 MPH)
Dan Pulju scores
Batting: RHB Ken Kelly 0-0: Called Strike
0-1: Ball
1-1: Called Strike
1-2: Fly out, F8 (Flyball, 8LS, EV 92.5 MPH)
Top of the 1st over - 2 runs, 3 hits, 0 errors, 1 left on base; Gary SouthShore 2 - St. Paul 0
BOTTOM OF THE 1ST
St. Paul Saints batting - Pitching for Gary SouthShore RailCats : RHP Ryan Gowens
Pitching: RHP Ryan Gowens
Batting: LHB Ray Hammond 0-0: Ball
1-0: Ball
2-0: Ball
3-0: Called Strike
3-1: Base on Balls
Batting: LHB Jared Mack 0-0: Ball
1-0: Ball
2-0: Foul Ball, location: 2F
2-1: Ball
3-1: Base on Balls
Ray Hammond to second
Batting: LHB Luis Lopez 0-0: Called Strike
0-1: Grounds into double play, 6-4-3 (Groundball, 6M, EV 102.5 MPH)
Ray Hammond to third
Batting: SHB Davi Entrevinhas 0-0: Ball
1-0: Called Strike
1-1: Ball
2-1: Called Strike
2-2: Ball
3-2: SINGLE (Flyball, 3D, EV 91.9 MPH) - OUT at second base trying to stretch hit.
Ray Hammond scores
Bottom of the 1st over - 1 run, 1 hit, 0 errors, 0 left on base; Gary SouthShore 2 - St. Paul 1
TOP OF THE 2ND
Gary SouthShore RailCats batting - Pitching for St. Paul Saints : LHP R.J. Martin
Batting: SHB Art Jenkins 0-0: Ball
1-0: Called Strike
1-1: Foul Ball, location: 2F
1-2: Ball
2-2: DOUBLE (Flyball, 8LXD, EV 106.9 MPH)
Batting: RHB Kevin DeFrancisco 0-0: Called Strike
0-1: Fly out, F8 (Line Drive, 8RM, EV 111.9 MPH)
Batting: RHB Jesus Mantilla 0-0: Ball
1-0: Called Strike
1-1: Foul Ball, location: 2F
1-2: Fly out, F5 (Popup, 56, EV 78.8 MPH)
Batting: LHB Mario Vega 0-0: Called Strike
0-1: Ground out U3 (Groundball, 3L, EV 103.8 MPH)
Top of the 2nd over - 0 runs, 1 hit, 0 errors, 1 left on base; Gary SouthShore 2 - St. Paul 1
BOTTOM OF THE 2ND
St. Paul Saints batting - Pitching for Gary SouthShore RailCats : RHP Ryan Gowens
Batting: LHB Eddie Larracuente 0-0: Ball
1-0: Called Strike
1-1: SINGLE (Line Drive, 78M, EV 90.6 MPH)
Batting: LHB Drew Stankiewicz 0-0: Ball
1-0: SINGLE (Groundball, 5S, EV 67.5 MPH) (infield hit)
Eddie Larracuente to second
Batting: RHB Juan Morales 0-0: Foul Ball, location: 2F
0-1: Called Strike
0-2: Fielders Choice at 2nd, 6-4 (Groundball, 56, EV 99.4 MPH)
Eddie Larracuente to third
Batting: RHB Rylan Sandoval 0-0: Ball
1-0: Swinging Strike
1-1: Foul Ball, location: 2F
1-2: Foul Ball, location: 2F
1-2: Ball
2-2: Foul Ball, location: 2F
2-2: Ball
Wild Pitch!
Eddie Larracuente scores
Juan Morales to second
3-2: DOUBLE (Line Drive, 89D, EV 108.1 MPH)
Juan Morales scores
Batting: LHB James Skelton 0-0: Foul Ball, location: 2F
0-1: Foul Ball, location: 2F
0-2: Ball
1-2: Ball
2-2: Foul Ball, location: 2F
2-2: Foul Ball, location: 2F
2-2: Fly out, F9 (Flyball, 9S, EV 79.4 MPH)
Batting: LHB Ray Hammond 0-0: Ball
1-0: Ball
2-0: Ball
3-0: Called Strike
3-1: Ground out 4-3 (Groundball, 4S, EV 76.2 MPH)
Bottom of the 2nd over - 2 runs, 3 hits, 0 errors, 1 left on base; Gary SouthShore 2 - St. Paul 3
TOP OF THE 3RD
Gary SouthShore RailCats batting - Pitching for St. Paul Saints : LHP R.J. Martin
Batting: RHB Mark Zimny 0-0: Ball
1-0: Fly out, F9 (Line Drive, 9, EV 103.1 MPH)
Batting: RHB Dan Pulju 0-0: Foul Ball, location: 2F
0-1: Foul Ball, location: 2F
0-2: Strikes out swinging
Batting: RHB Dean Rasche 0-0: Foul Ball, location: 2F
0-1: Ball
1-1: Called Strike
1-2: Ball
2-2: Strikes out swinging
Top of the 3rd over - 0 runs, 0 hits, 0 errors, 0 left on base; Gary SouthShore 2 - St. Paul 3
BOTTOM OF THE 3RD
St. Paul Saints batting - Pitching for Gary SouthShore RailCats : RHP Ryan Gowens
Batting: LHB Jared Mack 0-0: Called Strike
0-1: Ball
1-1: Foul Ball, location: 2F
1-2: SINGLE (Groundball, 6D, EV 98.1 MPH)
Batting: LHB Luis Lopez 0-0: Ball
1-0: Foul Ball, location: 2F
1-1: Ball
2-1: Swinging Strike
2-2: Hit by Pitch
Jared Mack to second
Batting: SHB Davi Entrevinhas 0-0: Called Strike
0-1: Called Strike
0-2: Ball
1-2: Ball
2-2: Ball
3-2: Fly out, F7 (Flyball, 78XD, EV 81.9 MPH)
Runner from 2nd tags up, SAFE at 3rd, no throw by LF
Batting: LHB Eddie Larracuente 0-0: Called Strike
0-1: Swinging Strike
0-2: Ball
1-2: Foul Ball, location: 2F
1-2: Ball
2-2: Ground out 4-3 (Groundball, 4M, EV 103.8 MPH)
Jared Mack scores
Luis Lopez to second
Batting: LHB Drew Stankiewicz 0-0: Ball
1-0: Ground out 6-3 (Groundball, 6, EV 86.2 MPH)
Bottom of the 3rd over - 1 run, 1 hit, 0 errors, 1 left on base; Gary SouthShore 2 - St. Paul 4
TOP OF THE 4TH
Gary SouthShore RailCats batting - Pitching for St. Paul Saints : LHP R.J. Martin
Batting: SHB Nick Butler 0-0: Ball
1-0: Called Strike
1-1: Foul Ball, location: 2F
1-2: SINGLE (Flyball, 9LS, EV 85.6 MPH)
Batting: RHB Ken Kelly 0-0: Fielders Choice at 2nd, 1-6 (Groundball, 34S, EV 67.5 MPH)
Batting: SHB Art Jenkins 0-0: Called Strike
0-1: Ball
1-1: Ball
2-1: Swinging Strike
2-2: Ground out 6-3 (Groundball, 6M, EV 95.6 MPH)
Ken Kelly to second
Batting: RHB Kevin DeFrancisco 0-0: Ball
1-0: Ball
2-0: Ground out 4-3 (Groundball, 4, EV 106.9 MPH)
Top of the 4th over - 0 runs, 1 hit, 0 errors, 1 left on base; Gary SouthShore 2 - St. Paul 4
BOTTOM OF THE 4TH
St. Paul Saints batting - Pitching for Gary SouthShore RailCats : RHP Ryan Gowens
Batting: RHB Juan Morales 0-0: Called Strike
0-1: Ball
1-1: DOUBLE (Line Drive, 9LD, EV 111.9 MPH)
Batting: RHB Rylan Sandoval 0-0: Ball
1-0: Fly out, F8 (Flyball, 8RM, EV 76.2 MPH)
Batting: LHB James Skelton 0-0: Called Strike
0-1: Ball
1-1: Ball
Wild Pitch!
Juan Morales to third
2-1: Called Strike
2-2: Foul Ball, location: 2F
2-2: Ball
3-2: Foul Ball, location: 2F
3-2: Foul Ball, location: 2F
3-2: SINGLE (Flyball, 8LS, EV 91.2 MPH)
Juan Morales scores
Batting: LHB Ray Hammond 0-0: Ball
Pickoff Throw to First - Out! 1-3
1-0: SINGLE (Flyball, 8RS, EV 93.1 MPH)
Batting: LHB Jared Mack 0-0: Called Strike
Ray Hammond steals 2nd base (no throw)
0-1: Ball
1-1: Swinging Strike
1-2: Ball
2-2: Foul Ball, location: 2F
2-2: Foul Ball, location: 2F
2-2: Foul Ball, location: 2F
2-2: Foul Ball, location: 2F
2-2: Ball
3-2: Ground out 6-3 (Groundball, 6S, EV 86.9 MPH)
Bottom of the 4th over - 1 run, 3 hits, 0 errors, 1 left on base; Gary SouthShore 2 - St. Paul 5
TOP OF THE 5TH
Gary SouthShore RailCats batting - Pitching for St. Paul Saints : LHP R.J. Martin
Batting: RHB Jesus Mantilla 0-0: Fly out, F6 (Popup, 6S, EV 67.5 MPH)
Batting: LHB Mario Vega 0-0: Called Strike
0-1: Foul Ball, location: 2F
0-2: Ground out 5-3 (Groundball, 56, EV 85.6 MPH)
Batting: RHB Mark Zimny 0-0: Called Strike
0-1: Ball
1-1: Foul Ball, location: 2F
1-2: Ball
2-2: Ball
3-2: Foul Ball, location: 2F
3-2: Foul Ball, location: 2F
3-2: Ground out 5-3 (Groundball, 5L, EV 83.8 MPH)
Top of the 5th over - 0 runs, 0 hits, 0 errors, 0 left on base; Gary SouthShore 2 - St. Paul 5
BOTTOM OF THE 5TH
St. Paul Saints batting - Pitching for Gary SouthShore RailCats : RHP Ryan Gowens
Batting: LHB Luis Lopez 0-0: Ball
1-0: Ball
2-0: Ball
3-0: Called Strike
3-1: Called Strike
3-2: Base on Balls
Batting: SHB Davi Entrevinhas 0-0: Foul Ball, location: 2F
0-1: Ball
1-1: Ball
2-1: Ball
3-1: Foul Ball, location: 2F
3-2: DOUBLE (Line Drive, 7LS, EV 106.9 MPH)
Luis Lopez to third
Batting: LHB Eddie Larracuente 0-0: Ball
1-0: Foul Ball, location: 2F
1-1: Called Strike
1-2: Foul Ball, location: 2F
1-2: Foul Ball, location: 2F
1-2: Ground out 4-3 (Groundball, 4, EV 86.2 MPH)
Batting: LHB Drew Stankiewicz 0-0: Ball
1-0: Swinging Strike
1-1: Foul Ball, location: 2F
1-2: Foul Ball, location: 2F
1-2: DOUBLE (Groundball, 3D, EV 98.8 MPH)
Luis Lopez scores
Davi Entrevinhas scores
Pitching: RHP Justin Sinibaldi
Batting: RHB Juan Morales 0-0: Ground out 6-3 (Groundball, 6M, EV 83.8 MPH)
Drew Stankiewicz to third
Batting: RHB Rylan Sandoval 0-0: Ball
1-0: SINGLE (Flyball, 34D, EV 90.0 MPH)
Drew Stankiewicz scores
Batting: LHB James Skelton 0-0: Ball
1-0: Fly out, F5 (Popup, 5SF, EV 66.2 MPH)
Bottom of the 5th over - 3 runs, 3 hits, 0 errors, 1 left on base; Gary SouthShore 2 - St. Paul 8
TOP OF THE 6TH
Gary SouthShore RailCats batting - Pitching for St. Paul Saints : LHP R.J. Martin
Batting: RHB Dan Pulju 0-0: Ball
1-0: Ball
2-0: Foul Ball, location: 2F
2-1: Foul Ball, location: 2F
2-2: Foul Ball, location: 2F
2-2: Ball
3-2: Foul Ball, location: 2F
3-2: Strikes out swinging
Batting: RHB Dean Rasche 0-0: Ball
1-0: Foul Ball, location: 2F
1-1: Ball
2-1: Ball
3-1: Foul Ball, location: 2F
3-2: Strikes out swinging
Batting: SHB Nick Butler 0-0: Called Strike
0-1: Called Strike
0-2: Strikes out swinging
Top of the 6th over - 0 runs, 0 hits, 0 errors, 0 left on base; Gary SouthShore 2 - St. Paul 8
BOTTOM OF THE 6TH
St. Paul Saints batting - Pitching for Gary SouthShore RailCats : RHP Justin Sinibaldi
Batting: LHB Ray Hammond 0-0: Ball
1-0: SOLO HOME RUN (Flyball, 89XD, EV 93.1 MPH), Distance : 403 ft
Batting: LHB Jared Mack 0-0: Fly out, F5 (Popup, 5, EV 70.0 MPH)
Batting: LHB Luis Lopez 0-0: Ball
1-0: Ball
2-0: Ball
3-0: Base on Balls
Batting: SHB Davi Entrevinhas 0-0: Ball
1-0: Swinging Strike
1-1: Called Strike
1-2: Ball
2-2: Ball
3-2: Foul Ball, location: 2F
3-2: Base on Balls
Luis Lopez to second
Batting: LHB Eddie Larracuente 0-0: Foul Ball, location: 2F
0-1: Called Strike
0-2: Ball
1-2: Foul Ball, location: 2F
1-2: Ball
2-2: Foul Ball, location: 2F
2-2: Ball
3-2: Foul Ball, location: 2F
3-2: Foul Ball, location: 2F
3-2: Base on Balls
Luis Lopez to third
Davi Entrevinhas to second
Batting: LHB Drew Stankiewicz 0-0: Ball
1-0: Called Strike
1-1: Fielders Choice at 2nd, 6-4 (Groundball, 6MD, EV 87.5 MPH)
Luis Lopez scores
Davi Entrevinhas to third
Batting: RHB Juan Morales 0-0: Ball
1-0: Ball
2-0: Ball
3-0: Foul Ball, location: 2F
3-1: Called Strike
3-2: Strikes out looking
Bottom of the 6th over - 2 runs, 1 hit, 0 errors, 2 left on base; Gary SouthShore 2 - St. Paul 10
TOP OF THE 7TH
Gary SouthShore RailCats batting - Pitching for St. Paul Saints : LHP R.J. Martin
Batting: RHB Ken Kelly 0-0: Foul Ball, location: 2F
0-1: Hit by Pitch
Batting: SHB Art Jenkins 0-0: Ball
1-0: Ball
2-0: Foul Ball, location: 2F
2-1: Foul Ball, location: 2F
2-2: Foul Ball, location: 2F
2-2: Strikes out swinging
Batting: RHB Kevin DeFrancisco 0-0: Ball
1-0: Ball
2-0: Grounds into double play, 4-6-3 (Groundball, 4M, EV 90.6 MPH)
Top of the 7th over - 0 runs, 0 hits, 0 errors, 0 left on base; Gary SouthShore 2 - St. Paul 10
BOTTOM OF THE 7TH
St. Paul Saints batting - Pitching for Gary SouthShore RailCats : RHP Justin Sinibaldi
Batting: RHB Rylan Sandoval 0-0: Swinging Strike
0-1: Ball
1-1: Fly out, F7 (Flyball, 78M, EV 91.9 MPH)
Batting: LHB James Skelton 0-0: Ball
1-0: Called Strike
1-1: Foul Ball, location: 2F
1-2: Ground out 5-3 (Groundball, 5, EV 103.1 MPH)
Batting: LHB Ray Hammond 0-0: Ball
1-0: Called Strike
1-1: Ball
2-1: Ground out 4-3 (Groundball, 4, EV 82.5 MPH)
Bottom of the 7th over - 0 runs, 0 hits, 0 errors, 0 left on base; Gary SouthShore 2 - St. Paul 10
TOP OF THE 8TH
Gary SouthShore RailCats batting - Pitching for St. Paul Saints : LHP R.J. Martin
Batting: RHB Jesus Mantilla 0-0: Ball
1-0: Hit by Pitch
Batting: LHB Mario Vega 0-0: Called Strike
0-1: Hit by Pitch
Jesus Mantilla to second
Batting: RHB Mark Zimny 0-0: Fly out, F1 (Line Drive, P, EV 58.1 MPH)
Batting: RHB Dan Pulju 0-0: Called Strike
0-1: Ball
1-1: Grounds into double play, 6-4-3 (Groundball, 56, EV 104.4 MPH)
Top of the 8th over - 0 runs, 0 hits, 0 errors, 1 left on base; Gary SouthShore 2 - St. Paul 10
BOTTOM OF THE 8TH
St. Paul Saints batting - Pitching for Gary SouthShore RailCats : RHP Justin Sinibaldi
Pitching: RHP Nick Floyd
Batting: LHB Jared Mack 0-0: Foul Ball, location: 2F
0-1: Called Strike
0-2: Foul Ball, location: 2F
0-2: Ball
1-2: Foul Ball, location: 2F
1-2: Ball
2-2: Foul Ball, location: 2F
2-2: Foul Ball, location: 2F
2-2: Ground out 5-3 (Groundball, 5L, EV 107.5 MPH)
Batting: LHB Luis Lopez 0-0: Ball
1-0: Swinging Strike
1-1: Ball
2-1: Called Strike
2-2: Ball
3-2: Ground out 4-3 (Groundball, 4, EV 103.8 MPH)
Batting: SHB Davi Entrevinhas 0-0: Ball
1-0: Ball
2-0: Fly out, F7 (Flyball, 78S, EV 77.5 MPH)
Bottom of the 8th over - 0 runs, 0 hits, 0 errors, 0 left on base; Gary SouthShore 2 - St. Paul 10
TOP OF THE 9TH
Gary SouthShore RailCats batting - Pitching for St. Paul Saints : LHP R.J. Martin
Batting: RHB Dean Rasche 0-0: Fly out, F9 (Line Drive, 9D, EV 103.1 MPH)
Batting: SHB Nick Butler 0-0: Ball
1-0: Ball
2-0: Ground out 1-3 (Groundball, P, EV 66.2 MPH)
Batting: RHB Ken Kelly 0-0: Foul Ball, location: 2F
0-1: Swinging Strike
0-2: Hit by Pitch
Pitching: LHP John Havird
Batting: SHB Art Jenkins 0-0: Ball
1-0: Ground out 2-3 (Groundball, 15S, EV 69.4 MPH)
Top of the 9th over - 0 runs, 0 hits, 0 errors, 1 left on base; Gary SouthShore 2 - St. Paul 10
Sunday, October 31st , 2021 - OOTP Baseball 22.10 Build 79